 Dungeon Crawl Stone Soup version 0.28.0-47-ge53b351184 (webtiles) character file.

Game seed: 9495447776988103010

243 Allula97 the Sneak (level 5, 0/39 HPs)
             Began as a Demonspawn Brigand on May 8, 2022.
             Slain by a kobold
             ... wielding a +0 short sword
              (4 damage)
             ... on level 2 of the Dungeon.
             The game lasted 00:02:19 (737 turns).

Allula97 the Sneak (Demonspawn Brigand)              Turns: 737, Time: 00:02:19

Health: 0/39       AC:  3    Str: 11    XL:     5   Next: 82%
Magic:  6/6        EV: 21    Int: 12    God:
Gold:   46         SH:  0    Dex: 17    Spells: 5/5 levels left

rFire   . . .      SeeInvis .   e - +1 dagger (vamp)
rCold   . . .      Faith    .   (no shield)
rNeg    . . .      Spirit   .   b - +0 robe
rPois   .          Reflect  .   (no helmet)
rElec   .          Harm     .   c - +0 cloak
rCorr   .          Rampage  .   (no gloves)
Will    .....                   (no boots)
Stlth   +++.......              (no amulet)
HPRegen 0.13/turn               f - +4 ring of evasion
MPRegen 0.10/turn               (no ring)

@: agile
A: powered by death 1, powered by pain 1, weakness stinger 1
a: no special abilities


You were on level 2 of the Dungeon.
You visited 1 branch of the dungeon, and saw 2 of its levels.

You collected 46 gold pieces.

Inventory:

Hand Weapons
 a - a +2 dagger
 e - a +1 vampiric dagger (weapon)
Missiles
 d - 7 poisoned darts (quivered)
Armour
 b - a +0 robe (worn)
 c - a +0 cloak (worn)
Jewellery
 f - a +4 ring of evasion (left hand)
Potions
 g - a potion of brilliance {unknown}


   Skills:
 * Level 2.6 Fighting
 * Level 2.9 Short Blades
 + Level 2.1 Throwing
 * Level 1.2 Armour
 * Level 1.5 Dodging
 * Level 5.2 Stealth
 * Level 0.8 Spellcasting


You had 5 spell levels left.
You didn't know any spells.
Your spell library contained the following spells:

 Spells                   Type           Power      Damage    Failure   Level
 Magic Dart               Conj           0%         1d3       30%         1
 Searing Ray              Conj           0%         2d4       43%         2
 Fulminant Prism          Conj/Hex       0%         3d6       97%         4


Dungeon Overview and Level Annotations

Branches:
Dungeon (2/15)

Altars:


Innate Abilities, Weirdness & Mutations

You regenerate a little health from kills.
You sometimes gain a little power by taking damage.
You have a small tail.


Message History

The kobold closely misses you. The gnoll completely misses you.
You hit the gnoll.
You feel better.
You tail-slap the gnoll, but do no damage.
The gnoll is heavily wounded.
The kobold hits you with a +0 short sword. x2
You hit the gnoll but do no damage.
The gnoll is heavily wounded.
The gnoll misses you.
The kobold hits you with a +0 short sword.
* * * LOW HITPOINT WARNING * * *
You hit the gnoll.
You feel better.
The gnoll is severely wounded.
The gnoll hits you with a +0 spear.
* * * LOW HITPOINT WARNING * * *
The kobold misses you.
You hit the gnoll.
The gnoll is severely wounded.
The kobold misses you. The gnoll hits you with a +0 spear.
* * * LOW HITPOINT WARNING * * *
You closely miss the gnoll. You tail-slap the gnoll.
You kill the gnoll!
The kobold hits you with a +0 short sword.
* * * LOW HITPOINT WARNING * * *
The kobold completely misses you. The kobold closely misses you.
You see here a +0 spear.
You closely miss the kobold.
The kobold hits you with a +0 short sword.
* * * LOW HITPOINT WARNING * * *
You closely miss the kobold. The kobold closely misses you.
You hit the kobold but do no damage.
The kobold hits you with a +0 short sword.
* * * LOW HITPOINT WARNING * * *
The kobold barely misses you.
You hit the kobold.
You feel better.
The kobold is severely wounded.
The kobold closely misses you.
You hit the kobold but do no damage.
Your tail-slap misses the kobold.
The kobold is severely wounded.
The kobold hits you with a +0 short sword.
You die...

#######
#..))@######.
#.†<#K.......
#####.(......
...(.....
..........
#.###......
#. ...... ..
...(.. ..
#.###'


You could see a kobold (fast).

Vanquished Creatures
  Sigmund (D:2)
  4 gnolls (D:2)
  3 dart slugs
  2 ball pythons (D:1)
  2 endoplasms (D:1)
  A giant cockroach (D:1)
  5 goblins (D:1)
  A hobgoblin (D:1)
  4 kobolds
  2 quokkas (D:1)
  3 rats (D:1)
28 creatures vanquished.

Notes
Turn   | Place    | Note
-------+----------+-------------------------------------------
     0 | D:1      | Allula97 the Demonspawn Brigand began the quest for the
                  | Orb.
     0 | D:1      | Reached XP level 1. HP: 16/16 MP: 1/1
    28 | D:1      | Reached skill level 1 in Dodging
   173 | D:1      | Gained mutation: You regenerate a little health from kills.
                  | [demonic ancestry]
   173 | D:1      | Reached XP level 2. HP: 22/22 MP: 2/2
   293 | D:1      | Reached skill level 4 in Stealth
   489 | D:1      | Reached XP level 3. HP: 27/27 MP: 3/3
   670 | D:2      | Noticed Sigmund
   678 | D:2      | Killed Sigmund
   679 | D:2      | Reached skill level 1 in Armour
   679 | D:2      | Reached skill level 5 in Stealth
   679 | D:2      | Gained mutation: You have a small tail. [demonic ancestry]
   679 | D:2      | Reached XP level 4. HP: 34/34 MP: 3/5
   679 | D:2      | Gained mutation: You sometimes gain a little power by
                  | taking damage. [demonic ancestry]
   679 | D:2      | Reached XP level 5. HP: 39/39 MP: 3/6
   737 | D:2      | Slain by a kobold

Illustrated notes

Levels and vault maps discovered:
D:1:      ncdulo_watergridlock, layout_basic, minmay_tall_x
D:2:      layout_basic, serial_bayou_ford_a, minmay_lizard_king, uniq_terence,
          uniq_sigmund

Skill      XL: |  1  2  3 |
---------------+----------+-----
Dodging        | 1 |  1.5
Short Blades   | 2 |  2.9
Stealth        | 4 5 |  5.2
Throwing       | 2 |  2.1
Armour         | 1 |  1.2
Fighting       | |  2.6
Spellcasting   | |  0.8

Action                   |  1- 3 |  4- 6 || total
-------------------------+-------+-------++-------
Melee: Dagger            |    48 |    42 ||    90
       Tailslap          |       |     7 ||     7
Throw: Dart              |     3 |       ||     3
  Use: Potion            |       |     1 ||     1
 Stab: Sleeping          |     8 |       ||     8
Armor: Robe              |     6 |     1 ||     7
Dodge: Dodged            |    26 |    42 ||    68
